 Dungeon Crawl Stone Soup version 0.28-a0-1567-g1695149f81 (webtiles) character file.

Game seed: 2051096741192379803

321 Shayle the Sneak (level 6, 0/64 HPs)
             Began as a Djinni Warper on Jan 19, 2022.
             Was an Initiate of Ashenzari.
             Slain by an orc (1 damage)
             ... on level 5 of the Dungeon.
             The game lasted 00:17:57 (5633 turns).

Shayle the Sneak (Djinni Warper)                    Turns: 5633, Time: 00:17:58

Health: 0/64       AC: 23    Str: 10    XL:     6   Next: 76%
Gold:   147        EV:  2    Int: 17    God:    Ashenzari [......] SH:  0 Dex: 18

rFire   + . .      SeeInvis .   t - +3 long sword
rCold   + . .      Faith    .   (no shield)
rNeg    . . .      Spirit   .   (armour currently unavailable)
rPois   ∞          Reflect  .   (helmet currently unavailable)
rElec   +          Harm     .   (cloak currently unavailable)
rCorr   +          Rampage  .   (gloves currently unavailable)
Will    .....      NoTele   +   (boots unavailable)
Stlth   +++.......              (no amulet)
HPRegen 0.20/turn               e - +6 ring of dexterity
MPRegen 0.00/turn               (no ring)

@: brilliant, tree-form, resistant, attractive
A: stationary, stasis, torment immunity, boosted hp, sickness immunity, (fire
resistance 2), (cold vulnerability 1), float, innate caster, hp casting, extra
vitality 1
a: Renounce Religion


You were on level 5 of the Dungeon.
You worshipped Ashenzari.
Ashenzari was noncommittal.
You were a tree.
You visited 2 branches of the dungeon, and saw 6 of its levels.

You collected 147 gold pieces.

Inventory:

Hand Weapons
 t - a +3 long sword (weapon)
Missiles
 b - 8 poisoned darts (quivered)
 i - 3 curare-tipped darts
Armour
 a - a +0 leather armour (melded)
 m - a +2 cloak of willpower (melded)
 q - a +1 helmet (melded)
Jewellery
 e - a +6 ring of dexterity (left branch)
Wands
 c - a wand of charming (10)
 n - a wand of digging (6)
Scrolls
 d - 2 scrolls of enchant weapon
 g - 3 scrolls of identify
 h - a scroll of blinking
Potions
 f - a potion of flight
 k - a potion of berserk rage {unknown}
 o - 2 potions of cancellation
 r - a potion of might {unknown}
 s - a potion of attraction


   Skills:
 - Level 2.0 Fighting
 - Level 0.7 Throwing
 - Level 1.0 Armour
 - Level 2.1 Dodging
 + Level 5.7 Stealth
 - Level 2.0 Unarmed Combat
 - Level 2.4 Spellcasting


You couldn't memorise any spells.
You knew the following spells:

 Your Spells              Type           Power      Damage    Failure   Level
a - Blink                 Tloc           30%        N/A       11%         2
b - Lesser Beckoning      Tloc           15%        N/A       21%         3
c - Gell's Gravitas       Tloc           15%        N/A       21%         3
d - Teleport Other        Tloc           15%        N/A       21%         3
e - Manifold Assault      Tloc           15%        N/A       88%         5
f - Beastly Appendage     Tmut           30%        N/A       7%          1
g - Ensorcelled Hibernat  Hex/Ice        30%        N/A       11%         2
Your spell library was empty.

Dungeon Overview and Level Annotations

Branches:
Dungeon (5/15)             Temple (1/1) D:5

Altars:
Ashenzari
Cheibriados
Dithmenos
Elyvilon
Fedhas
Gozag
Hepliaklqana
Makhleb
Nemelex Xobeh
Okawaru
Qazlal
Ru
Sif Muna
Trog
Wu Jian
Xom
Yredelemnul
The Shining One

Annotations:
D:3 Sigmund
D:4 1 runed translucent door
D:5 Ijyb


Innate Abilities, Weirdness & Mutations

You are a tree.
Your roots penetrate the ground, keeping you stationary.
You cannot be teleported.
You are immune to unholy pain and torment.
Your maximum health is greatly increased.
Your equipment is partially melded.
You are immune to sickness and miasma.
You are immune to poison.
((Your flesh is very heat resistant. (rF++)))
((You are vulnerable to cold. (rC-)))
You float through the air rather than walking.
You learn spells naturally, not from books.
Your magical power is your life essence.
You have superior vitality. (+4 MHP)


Message History

Your magical effects are unravelling.
You feel magically purged.
Your horns disappear.
Your +1 helmet unmelds from your body.
The phantom closely misses you.
It was a potion of attraction.
You feel attractive to monsters. The phantom hits you.
The phantom blinks!
You blink.
The orc closely misses you.
It was a potion of brilliance.
You feel clever all of a sudden. The phantom hits you.
The centaur unwields a +0 shortbow.
The centaur closely misses you. x2; The orc closely misses you.
Casting: Beastly Appendage (safe; 10% risk of failure)
Confirm with . or Enter, or press ? or * to list all spells.
Aiming: Ensorcelled Hibernation (safe; 14% risk of failure)
Press: ? - help, Shift-Dir - straight line, f - centaur
Aim: a centaur, quivering arrows (chance to affect: 49%)
You feel a surge of power!
The centaur looks drowsy...
* * * LOW HITPOINT WARNING * * *
The phantom hits you!
* * * LOW HITPOINT WARNING * * *
The phantom blinks!
You blink.
The orc barely misses you.
It was a potion of resistance.
You feel protected. The phantom misses you.
The orc hits you with a +0 falchion.
* * * LOW HITPOINT WARNING * * *
The centaur shouts!
It was a potion of lignification.
You turn into a tree.
Your +2 cloak of willpower melds into your body.
Your +1 helmet melds into your body.
Your +0 leather armour melds into your body.
You feel less strong-willed.
Your roots penetrate the ground.
The centaur hits you but does no damage.
The centaur barely misses you.
The centaur hits you but does no damage.
The centaur kicks you but does no damage.
The phantom hits you.
* * * LOW HITPOINT WARNING * * *
The orc hits you with a +0 falchion.
You die...

########.#.#
#......#.#.#
#......#.#
#.:...#..#.#.#
#.#..###...#.#
#.##?##..#.## ...
#.#......## ..#
##W##§#....#
..####♣..#'##...#
.##?.co?....##..#
####.§.####...#
##.##.#....#
#.#....#.##
#!##.##..#
###..##.##
#......#########
........+...........


You could see a phantom, a centaur and an orc.

Vanquished Creatures
  An ogre (D:4)
  2 hounds
  An orc priest (D:3)
  A killer bee zombie (D:5)
  4 adders
  An adder skeleton (D:4)
  3 dart slugs
  2 orcs (D:4)
  9 endoplasms
  A giant cockroach (D:3)
  8 goblins
  6 hobgoblins
  5 jackals
  6 quokkas
  9 ball pythons
  2 bats (D:1)
  2 frilled lizards
  5 kobolds
  10 rats
78 creatures vanquished.

Vanquished Creatures (others)
  A jackal (D:2)
1 creature vanquished.

Grand Total: 79 creatures vanquished

Notes
Turn   | Place    | Note
-------+----------+-------------------------------------------
     0 | D:1      | Shayle the Djinni Warper began the quest for the Orb.
     0 | D:1      | Reached XP level 1. HP: 18/18 MP: 0/0
   172 | D:1      | Reached skill level 1 in Stealth
   182 | D:1      | Reached XP level 2. HP: 13/23 MP: 0/0
   608 | D:1      | Reached skill level 2 in Stealth
   790 | D:1      | Reached XP level 3. HP: 24/28 MP: 0/0
   790 | D:1      | Learned a level 1 spell: Beastly Appendage
  1118 | D:1      | Found a faded altar of an unknown god.
  1350 | D:2      | Found a stormy altar of Qazlal.
  1471 | D:2      | Reached XP level 4. HP: 33/33 MP: 0/0
  1496 | D:2      | Reached skill level 3 in Stealth
  2406 | D:3      | Found an iron altar of Okawaru.
  2670 | D:4      | Noticed an ogre
  2694 | D:4      | Reached XP level 5. HP: 25/38 MP: 0/0
  2694 | D:4      | Learned a level 2 spell: Ensorcelled Hibernation
  2827 | D:4      | Killed an ogre
  2828 | D:4      | Reached skill level 4 in Stealth
  2828 | D:4      | Reached XP level 6. HP: 27/43 MP: 0/0
  3327 | D:4      | Found a runed translucent door.
  3458 | D:4      | Reached skill level 5 in Stealth
  3752 | D:3      | Noticed Sigmund
  4693 | D:3      | Upgraded the game from 0.28-a0-1555-g9ae15a6949 to
                  | 0.28-a0-1567-g1695149f81
  5199 | D:5      | Entered Level 5 of the Dungeon
  5210 | D:5      | Noticed Ijyb
  5243 | D:5      | Found a white marble altar of Elyvilon.
  5534 | D:5      | Found a staircase to the Ecumenical Temple.
  5542 | Temple   | Entered the Ecumenical Temple
  5549 | Temple   | Became a worshipper of Ashenzari the Shackled
  5632 | D:5      | HP: 1/43 [orc (4)]
  5633 | D:5      | Slain by an orc

Illustrated notes

Levels and vault maps discovered:
D:1:      dpeg_arrival_simpleton_c, layout_loops_ring,
          hellmonk_ecumenical_altar_heavens_door, minmay_pentomino_w4
D:2:      layout_basic, basic_altar, roderic_roman_lattice
D:3:      layout_loops_corners, mainiacjoe_overflow_six_doors_small,
          minmay_misc_feat_ornament, uniq_sigmund
D:4:      layout_basic, ebering_ghost_sewer_d, minmay_misc_feat_room
D:5:      minmay_inner_zag, layout_basic, nicolae_elyvilon_peaceful_grove,
          minitemple, temple_fountains, minmay_fractal_squares_gapless_5,
          uniq_duvessa, uniq_ijyb, uniq_grinder
Temple:   nicolae_temple_no_exploring_needed

Skill      XL: |  1  2  3  4  5  6 |
---------------+-------------------+-----
Stealth        | 1 2 3 4 5 |  5.7
Fighting       | |  2.0
Throwing       | |  0.7
Armour         | |  1.0
Dodging        | |  2.1
Unarmed Combat | |  2.0
Spellcasting   | |  2.4

Action                   |  1- 3 |  4- 6 || total
-------------------------+-------+-------++-------
Melee: Unarmed           |   129 |   253 ||   382
       Punch             |     1 |     7 ||     8
       Headbutt          |     4 |     9 ||    13
       Long sword        |       |     2 ||     2
Throw: Boomerang         |     5 |       ||     5
       Dart              |     2 |     8 ||    10
 Cast: Beastly Appendage |     6 |     8 ||    14
       Ensorcelled Hiber |       |    14 ||    14
       Gell's Gravitas   |       |     1 ||     1
  Use: Scroll            |       |     8 ||     8
       Potion            |       |     8 ||     8
 Stab: Sleeping          |     1 |    12 ||    13
       Distracted        |     1 |       ||     1
Armor: Leather armour    |    40 |    95 ||   135
       Skin              |       |     3 ||     3
Dodge: Dodged            |    75 |   153 ||   228

Table legend: (Time is in decaauts)
 A = Elapsed time spent in this place.
 B = Non-inter-level travel time spent in this place.
 C = Inter-level travel time spent in this place.
 D = Time resting spent in this place.
 E = Time spent auto-exploring this place.
 F = Levels seen in this place.
 G = Mean time per level.
                   A        B        C        D        E       F      G
               +--------+--------+--------+--------+--------+-----+--------+
         Total |   5619 |   5479 |    140 |   1735 |   2117 |   6 |  936.5 |
       Dungeon |   5604 |   5471 |    133 |   1735 |   2117 |   5 | 1120.8 |
        Temple |     14 |      7 |      7 |      0 |      0 |   1 |   14.0 |
               +--------+--------+--------+--------+--------+-----+--------+

Top non-repeatable levels by time:
     D:4: 1476 daAuts
     D:3: 1340 daAuts
     D:1: 1334 daAuts
     D:2: 1035 daAuts
     D:5: 418 daAuts
  Temple: 14 daAuts
